 Dungeon Crawl Stone Soup version 0.31-a0-507-gbafd7f5274 (webtiles) character file.

Game seed: 3202739219087695031

149 Newt the Changeling (level 5, -1/67 HPs)
             Began as a Draconian Shapeshifter on Aug 9, 2023.
             Was a Believer of Dithmenos.
             Killed from afar by an orc wizard (6 damage)
             ... with a puff of flame
             ... on level 4 of the Dungeon.
             The game lasted 00:03:13 (2591 turns).

Newt the Changeling (Draconian Shapeshifter)        Turns: 2591, Time: 00:03:13

Health: -1/67      AC: 22    Str: 19    XL:     5   Next: 9%
Magic:  5/5        EV:  2    Int:  8    God:    Dithmenos [**....]
Gold:   69         SH:  0    Dex: 12    Spells: 4/4 levels left

rFire   . . .        p - +0 dire flail
rCold   . . .        (shield currently unavailable)
rNeg    . . .        (body armour unavailable)
rPois   +            (helmet currently unavailable)
rElec   .            (cloak currently unavailable)
rCorr   .            (gloves currently unavailable)
SInv    .            (boots currently unavailable)
Will    .....        (no amulet)
Stlth   +            g - +4 ring of slaying
HPRegen 0.31/turn    o - ring of poison resistance
MPRegen 0.09/turn

%: no passive effects
@: tree-form, wreathed by umbra
A: stationary, stasis, torment immunity, boosted hp, AC +5, unfitting armour,
(cold-blooded)
a: Renounce Religion, Shadow Step


You were on level 4 of the Dungeon.
You worshipped Dithmenos.
Dithmenos was pleased with you.
You were a tree.
You visited 1 branch of the dungeon, and saw 4 of its levels.

You collected 135 gold pieces.
You spent 66 gold pieces at shops.

Inventory:

Hand Weapons
 h - a +0 club
 p - a +0 dire flail (weapon)
Jewellery
 g - a +4 ring of slaying (left branch)
 o - a ring of poison resistance (right branch)
Talismans
 b - a beast talisman
 c - a flux talisman
Wands
 q - a wand of paralysis (8)
Scrolls
 e - 3 scrolls of fear
 i - a scroll of poison
 j - 4 scrolls of teleportation
 l - a scroll of identify
 m - a scroll of noise {unknown}
Potions
 a - a potion of lignification
 d - 2 potions of might {unknown}
 k - a potion of brilliance {unknown}
 n - 2 potions of resistance


   Skills:
 - Level 3.0 Fighting
 - Level 1.7 Dodging
 - Level 3.0 Unarmed Combat
 + Level 4.6 Shapeshifting


You had 4 spell levels left.
You didn't know any spells.
Your spell library contained the following spells:

 Spells                   Type           Power      Damage    Failure   Level
 Cigotuvi's Dreadful Rot  Necr/Pois/Air  0%         N/A       54%         2
 Ignite Poison            Fire/Tmut/Pois 0%         N/A       78%         3
 Freezing Cloud           Conj/Ice/Air   0%         6-21      100%        5


Dungeon Overview and Level Annotations

Branches:
Dungeon (4/15)
 Temple: D:4-7

Altars:
Dithmenos
Zin

Shops:
D:1 :*[*(   D:3 *


Innate Abilities, Weirdness & Mutations

You are a tree.
Your roots penetrate the ground, keeping you stationary.
You cannot be teleported.
You are immune to unholy pain and torment.
Your maximum health is greatly increased.
Your equipment is partially melded.
((Your plain brown scales are hard. (AC +5)))
You cannot fit into any form of body armour.
((You are cold-blooded and may be slowed by cold attacks.))


Message History

You hear some strange, mumbled words.
You are confused.
You miss something.
You hear some strange, mumbled words.
A magic dart appears from out of thin air!
The magic dart hits you but does no damage.
You attack the rock wall.
You hear some strange, mumbled words.
A puff of flame appears from out of thin air!
The puff of flame hits you but does no damage.
Something hits you but does no damage.
You attack the rock wall.
You hear some strange, mumbled words.
A magic dart appears from out of thin air!
The magic dart hits you but does no damage.
You hit something.
You feel less confused. Something hits you but does no damage.
You closely miss something. Something hits you but does no damage.
Something hits you.
The orc priest invokes the aid of Beogh against you.
Beogh smites you!
* * * LOW HITPOINT WARNING * * *
Okay, then.
You completely miss something. Something hits you but does no damage.
You barely miss something.
The orc priest mumbles some strange prayers to Beogh against you.
Beogh smites you!
* * * LOW HITPOINT WARNING * * *
Something hits you but does no damage.
As you read the scroll of fear, it crumbles to dust.
You assume a fearsome visage.
The orc priest looks frightened!
The orc looks frightened!
Unknown command.
Something hits you but does no damage.
You hit something but do no damage.
You hear some strange, mumbled words.
A puff of flame appears from out of thin air!
The puff of flame hits you.
You die...

....#.........).
.#....#########.
......# ...>.>.#
##### .).......
#.... .......###
#.### .........
#.# ##...####
########.# #.#
#### #.♣{...oo#
#.# #.########
#.# #.# #.###
#.# #.... #.#
##### ##### #.#
..... #.# #####
### #.# ### ##
##.## #.# ..# #.


You could see an orc priest (fleeing) and an orc (fleeing).

Vanquished Creatures
  A jelly (D:4)
  An iguana (D:4)
  2 adders (D:2)
  3 worms
  2 dart slugs
  2 orcs (D:4)
  2 bats
  5 endoplasms
  A giant cockroach (D:1)
  2 hobgoblins
  6 jackals
  6 kobolds
  2 quokkas (D:1)
  9 ball pythons
  2 frilled lizards
  6 goblins
  8 rats
60 creatures vanquished.

Notes
Turn   | Place    | Note
-------+----------+-------------------------------------------
     0 | D:1      | Newt the Draconian Shapeshifter began the quest for the
                  | Orb.
     0 | D:1      | Reached XP level 1. HP: 16/16 MP: 1/1
   103 | D:1      | Found Weuhok's Assorted Antiques.
   106 | D:1      | Found Qunteas's Assorted Antiques.
   141 | D:1      | Reached XP level 2. HP: 25/25 MP: 2/2
   203 | D:1      | Found Coch's Book Shop.
   204 | D:1      | You fall into a shaft and drop 1 floor!
   352 | D:1      | Noticed an eye of devastation
   361 | D:1      | Noticed a floating eye
   366 | D:1      | Reached XP level 3. HP: 26/31 MP: 3/3
   390 | D:1      | Found a faded altar of an unknown god.
   394 | D:1      | Noticed a golden eye
   396 | D:1      | Noticed a floating eye
   579 | D:1      | Found Dyvina Xysch's Weapon Shoppe.
   776 | D:1      | Prayed at the altar of an unknown god.
   776 | D:1      | Became a worshipper of Dithmenos the Shadowed
   776 | D:1      | Reached * piety under Dithmenos
  1050 | D:2      | Reached XP level 4. HP: 38/38 MP: 4/4
  1795 | D:3      | Reached skill level 4 in Shapeshifting
  1820 | D:3      | Found a glowing silver altar of Zin.
  1821 | D:3      | Found Zin's Purification Station.
  1824 | D:3      | Reached ** piety under Dithmenos
  2176 | D:1      | Bought a scroll of teleportation for 66 gold pieces
  2249 | D:4      | Identified the +3 buckler of the Orcish Mines {-Cast rCorr
                  | SInv}
  2469 | D:4      | Reached XP level 5. HP: 43/45 MP: 5/5
  2591 | D:4      | Killed from afar by an orc wizard

Illustrated notes

Levels and vault maps discovered:
D:1:      scummos_arrival_simple_fountains, layout_loops_ring, serial_shops,
          shop, nicolae_book_shop_shelving, nicolae_shop_crystal, shop, shop,
          hellmonk_ecumenical_altar_watching_god
D:2:      minmay_spotlight, layout_rooms, serial_forest,
          infiniplex_forest_lined_4_way, infiniplex_forest_clump_double,
          infiniplex_forest_end_1, infiniplex_forest_clump_small,
          infiniplex_forest_end_double, infiniplex_forest_lined_2,
          infiniplex_forest_lined_room_2, infiniplex_forest_lined_4_way
D:3:      layout_basic, zin_purify
D:4:      layout_loops_ring

Skill      XL: |  1  2  3  4 |
---------------+-------------+-----
Fighting       | 2 3 |  3.0
Shapeshifting  | 4 |  4.6
Dodging        | |  1.7
Unarmed Combat | |  3.0

Action                     |  1- 3 |  4- 6 || total
---------------------------+-------+-------++-------
  Melee: Unarmed           |    56 |       ||    56
         Punch             |     2 |       ||     2
         Tailslap          |     5 |     5 ||    10
         Club              |    39 |    31 ||    70
         Dire flail        |       |    44 ||    44
    Use: Scroll            |     7 |     2 ||     9
         Potion            |       |     2 ||     2
   Stab: Sleeping          |     1 |     2 ||     3
 Armour: Skin              |    34 |    37 ||    71
  Dodge: Dodged            |    61 |    42 ||   103

Table legend: (Time is in decaauts)
 A = Elapsed time spent in this place.
 B = Non-inter-level travel time spent in this place.
 C = Inter-level travel time spent in this place.
 D = Time resting spent in this place.
 E = Time spent auto-exploring this place.
 F = Levels seen in this place.
 G = Mean time per level.
                   A        B        C        D        E       F      G
               +--------+--------+--------+--------+--------+-----+--------+
         Total |   2624 |   2358 |    266 |      0 |   1883 |   4 |  656.0 |
       Dungeon |   2624 |   2358 |    266 |      0 |   1883 |   4 |  656.0 |
               +--------+--------+--------+--------+--------+-----+--------+

Top non-repeatable levels by time:
     D:3: 889 daAuts
     D:1: 786 daAuts
     D:2: 573 daAuts
     D:4: 375 daAuts
